 Dungeon Crawl Stone Soup version bcrawl-1.12-5-g74a5124548 (webtiles) character file.

Game seed: 13206947382262553109

39 Arkanax the Skirmisher (level 3, 0/31 HPs)
             Began as a Hill Orc Archaeologist on June 1, 2019.
             Slain by a gnoll
             ... wielding a +0 club
              (5 damage)
             ... on level 1 of the Dungeon.
             The game lasted 00:03:03 (1658 turns).

Arkanax the Skirmisher (Hill Orc Archaeologist)     Turns: 1658, Time: 00:03:04

Health: 0/31       AC:  9    Str: 14    XL:     3   Next: 45%
Magic:  3/3        EV: 12    Int: 14    God:
Gold:   87         SH:  0    Dex:  9    Spells: 2/2 levels left

rFire    . . .     SeeInvis .   i - +0 short sword
rCold    . . .     Gourm    .   (no shield)
rNeg     . . .     Faith    .   a - +1 robe
rPois    .         Spirit   .   h - +2 hat
rElec    .         Reflect  .   (no cloak)
rCorr    .         Harm     .   d - +1 pair of gloves
MR       .....                  c - +1 pair of boots
Stlth    ++........             (no amulet)
HPRegen  0.10/turn              (no ring)
MPRegen  0.08/turn              (no ring)

@: studying Fighting
A: no striking features
a: no special abilities


You were on level 1 of the Dungeon.
You were not hungry.

You visited 1 branch of the dungeon, and saw 2 of its levels.

You collected 87 gold pieces.

Inventory:

Hand Weapons
 i - a +0 short sword (weapon)
Armour
 a - a +1 robe (worn)
 b - a +1 hat
 c - a +1 pair of boots (worn)
 d - a +1 pair of gloves (worn)
 h - a +2 hat (worn)
Scrolls
 j - 3 scrolls of teleportation
 l - a scroll of amnesia
 o - a scroll of identify
Potions
 k - a potion of invisibility {unknown}
 m - a potion of berserk rage {unknown}
 n - 2 potions of degeneration {unknown}
 p - a potion of agility
Books
 e - a manual of Fighting
Miscellaneous
 f - an ancient crate
Comestibles
 g - 5 rations {!d}


   Skills:
 + Level 3.0 Fighting
   Level 3.0 Short Blades
   Level 3.0 Long Blades
   Level 3.0 Axes
   Level 3.0 Maces & Flails
   Level 3.0 Polearms
   Level 3.0 Staves
 - Level 2.4 Dodging
 - Level 2.6 Stealth
   Level 3.0 Unarmed Combat


You had 2 spell levels left.
You didn't know any spells.
Your spell library was empty.

Dungeon Overview and Level Annotations

Branches:
Dungeon (2/12)

Altars:


Message History

The gnoll is almost dead.
The gnoll barely misses you. The gnoll closely misses you.
You hit the gnoll.
You kill the gnoll!
Your Fighting skill increases to level 3!
The gnoll hits you with a +0 club.
You closely miss the gnoll. The gnoll hits you with a +0 club.
You barely miss the gnoll. The gnoll hits you with a +0 club!
* * * LOW HITPOINT WARNING * * *
You hit the gnoll.
The gnoll is moderately wounded.
You hit the gnoll.
The gnoll is heavily wounded.
The gnoll hits you but does no damage.
Okay, then.
There is an open door here.
You hit the gnoll but do no damage.
The gnoll is moderately wounded.
The gnoll hits you with a +0 club.
You die...

####..# ####.#.####### #.#.#.##
#......#...... .......#
#.##.###.##### #.#.#.##
#.##.....# # .......#
####....######### #.#.#.##
#...............# .......#
#.....#...#####.#
#.#.#.###########.....#...#####.#
...............g@.............#.#
....###......####.....#######.#§#
....# #......# #..........##.#§#
....# #......# ##########.##§#§#
....# #......# #.##§#§# ....#
#......# #.##.§§§ ....# #......#
#.####.# .#### #####.## #......#
.# #..# ########


You could see a gnoll.

Vanquished Creatures
  A gnoll (D:1)
  An ooze (D:1)
  2 dart slugs (D:1)
  A leopard gecko (D:1)
  A goblin (D:1)
  6 hobgoblins
  2 jackals (D:1)
  A bat (D:2)
  A frilled lizard (D:1)
  2 kobolds
  A rat (D:1)
19 creatures vanquished.

Notes
Turn   | Place    | Note
-------+----------+-------------------------------------------
     0 | D:1      | Arkanax the Hill Orc Archaeologist began the quest for the
                  | Orb.
     0 | D:1      | Reached XP level 1. HP: 15/15 MP: 1/1
    49 | D:1      | Reached skill level 1 in Fighting
   321 | D:1      | Reached XP level 2. HP: 21/24 MP: 2/2
   525 | D:1      | Reached skill level 2 in Fighting
  1237 | D:1      | Reached XP level 3. HP: 30/30 MP: 3/3
  1625 | D:1      | Reached skill level 3 in Fighting
  1658 | D:1      | Slain by a gnoll

Skill      XL: |  1  2  3 |
---------------+----------+-----
Fighting       | 1 2 3 |  3.0
Short Blades   | |  3.0
Long Blades    | |  3.0
Axes           | |  3.0
Maces & Flails | |  3.0
Polearms       | |  3.0
Staves         | |  3.0
Dodging        | |  2.4
Stealth        | |  2.6
Unarmed Combat | |  3.0

Action                   || total
-------------------------++-------
Melee: Unarmed           ||    54
       Short sword       ||    80
  Use: Scroll            ||     4
 Stab: Sleeping          ||     1
  Eat: Chunk             ||     2
Armor: Robe              ||    52
Dodge: Dodged            ||    92
